 Dungeon Crawl Stone Soup version 0.30.0-29-ga12c61a403 (webtiles) character file.

Game seed: 2427177904750596884

29 cheesebisquit the Grasshopper (level 3, 0/28 HPs)
             Began as a Barachi Warper on June 4, 2023.
             Succumbed to an adder's poison
             ... on level 1 of the Dungeon.
             The game lasted 00:04:35 (679 turns).

cheesebisquit the Grasshopper (Barachi Warper)       Turns: 679, Time: 00:04:36

Health: 0/28       AC:  3    Str: 12    XL:     3   Next: 16%
Magic:  6/6        EV: 12    Int: 13    God:
Gold:   15         SH:  0    Dex: 13    Spells: 7/7 levels left

rFire   . . .        h - +0 sling
rCold   . . .        (no shield)
rNeg    . . .        b - +0 leather armour
rPois   .            (no helmet)
rElec   .            (no cloak)
rCorr   .            (no gloves)
SInv    .            (no boots)
Will    .....        (no amulet)
Stlth   +            (no ring)
HPRegen 0.24/turn    (no ring)
MPRegen 0.10/turn

%: no passive effects
@: lethally poisoned (0 -> -1), unable to hop, slow
A: amphibious, slowness 1, strong legs 1, +LOS
a: Hop


You were on level 1 of the Dungeon.
You visited 1 branch of the dungeon, and saw 2 of its levels.

You collected 76 gold pieces.
You spent 61 gold pieces at shops.

Inventory:

Hand Weapons
 a - a +0 falchion
 g - a +2 dagger of freezing
 h - a +0 sling (weapon)
Missiles
 d - 2 boomerangs of dispersal (quivered)
 k - 2 javelins
 m - 4 poisoned darts
Armour
 b - a +0 leather armour (worn)
Scrolls
 l - a scroll of teleportation {unknown}
Potions
 e - 2 potions of cancellation
 f - a potion of magic
 i - a potion of might {unknown}
 j - a potion of degeneration {unknown}


   Skills:
 - Level 2.6 Fighting
 - Level 2.4 Long Blades
 + Level 0.8 Ranged Weapons
 - Level 1.0 Throwing
 - Level 1.6 Armour
 - Level 2.4 Dodging
 + Level 2.6 Spellcasting
 + Level 3.6 Translocations


You had 7 spell levels left.
You didn't know any spells.
Your spell library contained the following spells:

 Spells                   Type           Power      Damage    Failure   Level
 Blink                    Tloc           22%        N/A       10%         2
 Lesser Beckoning         Tloc           22%        N/A       10%         2
 Teleport Other           Tloc           11%        N/A       21%         3
 Vhi's Electric Charge    Tloc/Air       12%        N/A       38%         3
 Manifold Assault         Tloc           11%        N/A       54%         4


Dungeon Overview and Level Annotations

Branches:
Dungeon (2/15)

Altars:
Sif Muna

Shops:
D:1 *


Innate Abilities, Weirdness & Mutations

You are amphibious.
You cover ground slowly.
You can hop short distances.
You have an extended range of vision and can be seen from far away.


Message History

You shoot a sling bullet. The sling bullet misses the adder.
The adder closely misses you.
Throw: 6 boomerangs (disperse)
Press: ? - help, Shift-Dir - straight line, f/p - adder
Aim: an adder (heavily wounded, 35% to hit)
You throw a boomerang of dispersal.
The boomerang of dispersal closely misses the adder.
The adder closely misses you.
Throw: 5 boomerangs (disperse)
Press: ? - help, Shift-Dir - straight line, f/p - adder
Aim: an adder (heavily wounded, 35% to hit)
You throw a boomerang of dispersal.
The boomerang of dispersal hits the adder and shatters, but does no damage.
The adder is heavily wounded.
The adder closely misses you. The adder bites you but does no damage.
Throw: 4 boomerangs (disperse)
Press: ? - help, Shift-Dir - straight line, f/p - adder
Aim: an adder (heavily wounded, 35% to hit)
You throw a boomerang of dispersal.
The boomerang of dispersal misses the adder.
The adder misses you.
Throw: 3 boomerangs (disperse)
Press: ? - help, Shift-Dir - straight line, f/p - adder
Aim: an adder (heavily wounded, 35% to hit)
You throw a boomerang of dispersal.
The boomerang of dispersal hits the adder and shatters, but does no damage.
The adder is heavily wounded.
The adder bites you.
* * * LOW HITPOINT WARNING * * *
You are lethally poisoned!
The adder poisons you! The adder misses you.
You shoot a sling bullet. The sling bullet hits the adder.
You kill the adder!
* * * LOW HITPOINT WARNING * * *
You feel sick.
You have reached level 3!
Your experience leads to an increase in your attributes!
Increase (S)trength, (I)ntelligence, or (D)exterity?
You feel agile. x2
You die...

...........# #..........#
...........# #..........#
##........># ##.#########
##.........# #.######
##....#....# #......#
##..##.##..# #..##..#
##..#.8.#..# #..##..######
###.##.##..# #..##.......##
####..#..### #.@###.......#
...##....# #..# ######..#
##...#...######..# ######..#
####.#...........###.......#
# #.##.#######..##.......##
#..#.# ##..##..###### ##...#
#...##..#..### ##..##
###...##.......##
##..###.....###...<...#


There were no monsters in sight!

Vanquished Creatures
  An adder (D:1)
  2 endoplasms (D:1)
  2 goblins (D:1)
  2 hobgoblins (D:1)
  4 jackals (D:1)
  A quokka (D:1)
  A ball python (D:1)
  A frilled lizard (D:1)
  A kobold (D:1)
  3 rats (D:1)
18 creatures vanquished.

Notes
Turn   | Place    | Note
-------+----------+-------------------------------------------
     0 | D:1      | cheesebisquit the Barachi Warper began the quest for the
                  | Orb.
     0 | D:1      | Reached XP level 1. HP: 17/17 MP: 3/3
    77 | D:1      | Reached XP level 2. HP: 19/23 MP: 5/5
   241 | D:1      | Found Imealimalu's General Store.
   246 | D:1      | Bought a scroll of identify for 28 gold pieces
   639 | D:1      | Bought 4 poisoned darts for 33 gold pieces
   649 | D:2      | Found a shimmering blue altar of Sif Muna.
   670 | D:1      | HP: 1/23 [adder (3)]
   678 | D:1      | HP: 1/23 [poisoned by an adder]
   679 | D:1      | Reached XP level 3. HP: 1/28 MP: 6/6
   679 | D:1      | Succumbed to an adder's poison

Illustrated notes

Levels and vault maps discovered:
D:1:      minmay_arrival_wavy_path, layout_basic, serial_shops, shop,
          grunt_decor_one_mirror
D:2:      layout_rooms, basic_altar, kennysheep_generic_room_3, uniq_sigmund

Action                     || total
---------------------------++-------
  Melee: Dagger            ||    21
         Falchion          ||     4
   Fire: Sling             ||    32
  Throw: Boomerang         ||     5
Ability: Hop               ||     1
    Use: Scroll            ||     3
 Armour: Leather armour    ||     8
  Dodge: Dodged            ||    25
